Map: Eternal Empire LE

Players

soO - Winner!

  • Race: Zerg Zerg
  • Spawn Location: 1:00

Namshar

  • Race: Zerg Zerg
  • League: Grandmaster
  • Spawn Location: 7:00

Event: StayAtHomestory Cup #1

VOD

Have the link to the VOD?

Description

Time

  • Played on: April 11, 2020, 8:53 a.m.
  • Length: 9:04

All games in this series

Show
View Real Time Build Order
Export as new Build Order

soO Zerg - Winner!

Build Orders: Hatch First, Muta Ling Bane 

Get SALT Encoding   

  12  0:02  Drone  
  13  0:12  Overlord  
  13  0:18  Drone  
  14  0:31  Drone x2  
  16  0:49  Hatchery  
  15  0:52  Drone  
  15  0:56  Drone  
  17  1:00  Drone  
  18  1:10  Extractor  
  17  1:15  Spawning Pool  
  16  1:18  Drone  
  16  1:21  Drone  
  18  1:28  Drone  
  19  1:39  Drone  
  20  1:49  Drone  
  21  2:01  Queen  
  21  2:02  Queen, Drone x2  
  27  2:11  Overlord  
  27  2:12  Drone  
  27  2:13  Metabolic Boost  
  28  2:29  Drone  
  29  2:30  Drone  
  29  2:34  Hatchery  
  29  2:37  Zergling x2  
  30  2:38  Drone  
  32  2:44  Drone x2  
  33  2:56  Baneling Nest, Overlord  
  32  2:59  Drone  
  32  3:05  Zergling x2  
  34  3:06  Drone  
  34  3:09  Drone  
  36  3:14  Queen  
  36  3:15  Zergling x2, Drone  
  36  3:16  Drone  
  36  3:18  Drone  
  42  3:22  Drone  
  42  3:23  Drone  
  44  3:29  Evolution Chamber  
  44  3:31  Drone  
  44  3:36  Overlord  
  44  3:41  Overlord  
  44  3:46  Overlord  
  44  3:48  Drone x2  
  45  3:49  Zergling x2, Drone  
  45  3:55  Zerg Melee Weapons Level 1  
  48  3:56  Drone  
  48  3:57  Drone  
  48  4:00  Drone  
  48  4:02  Lair  
  51  4:04  Drone x2  
  51  4:05  Drone x2  
  51  4:06  Extractor  
  53  4:10  Extractor  
  53  4:11  Extractor  
  51  4:17  Roach Warren  
  51  4:19  Drone x2  
  51  4:20  Drone x3  
  55  4:24  Drone x2  
  55  4:29  Drone x4  
  61  4:33  Overlord  
  61  4:35  Drone  
  61  4:36  Baneling  
  61  4:37  Drone  
  63  4:40  Overlord  
  63  4:43  Drone  
  64  4:49  Drone  
  64  4:50  Drone x2  
  64  4:51  Zergling x2  
  64  4:52  Zergling x4  
  70  5:01  Spire, Drone x3  
  70  5:02  Extractor  
  70  5:04  Extractor  
  70  5:05  Zergling x6  
  73  5:07  Drone  
  73  5:08  Drone  
  73  5:13  Drone x3  
  78  5:16  Baneling x2  
  78  5:18  Zergling x2  
  78  5:21  Zergling x6  
  82  5:25  Drone x3  
  82  5:26  Overlord  
  79  5:56  Hatchery  
  74  6:13  Mutalisk x11  
  74  6:16  Zergling x4  
  95  6:23  Zerg Melee Weapons Level 2  
  95  6:25  Zergling x4  
  97  6:26  Overlord  
  97  6:27  Overlord x2  
  97  6:28  Overlord  
  97  6:30  Overlord, Unknown  
  97  6:32  Zerg Flyer Weapons Level 1  
  96  6:34  Overlord  
  96  6:37  Overlord  
  96  6:41  Centrifical Hooks, Overlord  
  96  6:45  Drone x4  
  96  6:46  Mutalisk  
  100  6:48  Overlord  
  100  6:49  Mutalisk  
  100  6:50  Zergling x2  
  100  6:51  Zergling x10  
  110  7:02  Mutalisk x2  
  114  7:11  Zergling x6  
  114  7:12  Zergling x2  
  118  7:20  Mutalisk x3  
  118  7:22  Drone x7, Queen  
  133  7:33  Mutalisk x3  
  137  7:37  Drone x2  
  139  7:49  Hatchery  
  137  7:52  Mutalisk  
  137  7:53  Mutalisk x3  
  137  7:56  Zergling x18  
  150  8:02  Zergling x2  
  150  8:03  Zergling x8  
  152  8:07  Mutalisk  
  152  8:12  Zergling x2  
  148  8:15  Mutalisk x2  
  148  8:18  Drone  
  153  8:21  Mutalisk  
  153  8:25  Overseer, Spine Crawler  
  153  8:27  Mutalisk x3  
  153  8:33  Zergling x14  
  152  8:45  Zergling x4  
  156  8:49  Overseer  
Show
View Real Time Build Order
Export as new Build Order

Namshar Zerg 

Build Orders: Hatch First 

Get SALT Encoding   

  12  0:00  Drone  
  13  0:12  Overlord  
  13  0:16  Drone  
  14  0:30  Drone x2  
  16  0:47  Hatchery  
  15  0:51  Drone  
  15  0:54  Drone  
  17  0:57  Drone  
  18  1:07  Extractor  
  17  1:13  Spawning Pool  
  17  1:16  Drone  
  17  1:20  Drone  
  18  1:28  Drone  
  19  1:38  Drone  
  20  1:52  Drone  
  21  1:59  Drone, Queen x2  
  21  2:00  Overlord  
  26  2:08  Metabolic Boost  
  26  2:10  Zergling x2  
  26  2:11  Drone  
  28  2:22  Drone x2  
  30  2:32  Drone x2  
  32  2:38  Hatchery  
  32  2:42  Drone  
  32  2:47  Baneling Nest  
  32  2:50  Overlord  
  31  2:53  Drone  
  31  2:56  Drone  
  33  3:06  Zergling x2  
  33  3:07  Zergling x2  
  33  3:08  Drone  
  33  3:09  Drone x3  
  39  3:14  Queen  
  41  3:20  Overlord  
  41  3:22  Drone  
  41  3:26  Evolution Chamber  
  41  3:28  Drone  
  41  3:31  Baneling x2  
  42  3:36  Drone x2  
  42  3:40  Drone x4  
  48  3:43  Drone x2  
  48  3:46  Zergling x2  
  51  3:50  Zergling x2  
  51  3:51  Zergling x2  
  51  3:54  Zerg Missile Weapons Level 1  
  52  4:01  Overlord  
  52  4:03  Drone x3  
  55  4:10  Extractor x2, Overlord  
  55  4:12  Drone x4  
  57  4:18  Overlord  
  57  4:21  Lair, Drone  
  57  4:22  Drone  
  57  4:24  Drone  
  60  4:25  Drone  
  60  4:29  Drone x2  
  62  4:34  Roach Warren  
  62  4:35  Drone x2  
  64  4:38  Drone x2  
  64  4:39  Drone  
  64  4:42  Drone  
  64  4:43  Pneumatized Carapace  
  67  4:46  Drone  
  67  4:50  Drone  
  67  4:51  Extractor, Drone x3  
  71  4:54  Extractor x2  
  71  4:56  Drone x3  
  71  4:57  Drone  
  73  5:02  Drone x2  
  75  5:07  Hatchery  
  75  5:10  Drone  
  75  5:11  Drone  
  75  5:12  Drone x2  
  78  5:15  Overlord  
  78  5:20  Glial Reconstitution  
  78  5:21  Roach  
  78  5:22  Roach  
  78  5:26  Overlord x2  
  78  5:27  Overlord  
  82  5:39  Roach x5  
  88  5:49  Zerg Missile Weapons Level 2  
  88  5:52  Roach x8  
  104  6:02  Overseer  
  103  6:09  Hatchery  
  102  6:13  Drone  
  102  6:17  Drone  
  103  6:18  Overlord  
  103  6:19  Overlord x3  
  103  6:25  Overlord x2  
  103  6:27  Spore Crawler  
  103  6:30  Spore Crawler  
  101  6:34  Spore Crawler  
  101  6:35  Drone x2  
  101  6:36  Spore Crawler  
  101  6:38  Spore Crawler  
  100  6:40  Drone x3  
  100  6:41  Queen  
  100  6:42  Queen  
  100  6:44  Drone x2  
  100  6:45  Hydralisk Den  
  110  6:47  Spore Crawler, Tunneling Claws  
  110  6:50  Burrow  
  107  6:56  Spore Crawler  
  107  6:58  Overlord x2  
  107  6:59  Drone x8  
  113  7:17  Queen  
  113  7:22  Grooved Spines  
  113  7:23  Lurker Den  
  113  7:29  Queen  
  113  7:30  Hydralisk  
  113  7:31  Hydralisk x2  
  113  7:33  Hydralisk x3  
  125  7:46  Hydralisk x7  
  137  7:53  Queen, Hydralisk  
  137  7:54  Hydralisk x3  
  137  7:55  Ravager x2  
  137  7:56  Ravager  
  139  8:00  Queen  
  139  8:02  Roach x4  
  139  8:07  Hydralisk  
  139  8:09  Roach x4  
  130  8:16  Roach x3  
  134  8:20  Roach x3  
  134  8:24  Extractor, Lurker x2  
  134  8:26  Hydralisk  
  133  8:30  Roach x3  
  133  8:32  Roach x4  
  133  8:34  Hydralisk x7  
  125  8:39  Hydralisk  
Tags
 
Add a new tag
Caveats
  • Supply blocks, unpowered buildings, or Contaminate may cause inaccurate times.
  • Supply counts are checked every 10 seconds.